 Dungeon Crawl Stone Soup version 0.23-a0-622-g59b4ea9 (console) character file.

28 Duffy the Magician (level 3, 28/28 HPs)
             Began as a Naga Wizard on Dec 23, 2018.
             Quit the game on level 2 of the Dungeon.
             The game lasted 00:01:17 (1287 turns).

Duffy the Magician (Naga Wizard)                    Turns: 1287, Time: 00:01:18

Health: 28/28      AC:  3    Str:  9    XL:     3   Next: 14%
Magic:  7/7        EV: 10    Int: 19    God:
Gold:   56         SH:  4    Dex:  9    Spells: 1/8 levels left

rFire    . . .     SeeInvis +   l - -3 war axe (curse)
rCold    . . .     Gourm    .   (no shield)
rNeg     . . .     Faith    .   a - +1 robe
rPois    +         Spirit   .   b - +0 hat
rElec    .         Reflect  +   (no cloak)
rCorr    .         Harm     .   (no gloves)
MR       .....                  (no barding)
Stlth    ++........             h - +4 amulet of reflection
HPRegen  0.09/turn              (no ring)
MPRegen  0.10/turn              (no ring)

@: very slow
A: large, see invisible, deformed body, poison resistance, slowness 2, slow
metabolism 1, spit poison 1, AC +1
a: Spit Poison


You were on level 2 of the Dungeon.
You were not hungry.

You visited 1 branch of the dungeon, and saw 2 of its levels.

You collected 56 gold pieces.

Inventory:

Hand Weapons
 l - a cursed -3 war axe (weapon)
Armour
 a - a +1 robe (worn)
 b - a +0 hat (worn)
Jewellery
 h - a +4 amulet of reflection (around neck)
Scrolls
 c - a scroll of identify
 e - a scroll of random uselessness
Potions
 j - a potion of curing {unknown}
 k - 2 potions of heal wounds {unknown}
Comestibles
 d - a ration
 g - 2 chunks of flesh


   Skills:
 - Level 1.5 Dodging
 - Level 3.0 Stealth
 + Level 3.3 Spellcasting
 * Level 2.5 Conjurations
   Level 1.0 Summonings
   Level 1.0 Translocations


You had one spell level left.
You knew the following spells:

 Your Spells              Type           Power        Failure   Level  Hunger
h - Magic Dart            Conj           ##..         5%          1    None
k - Mephitic Cloud        Conj/Pois/Air  #.......     30%         3    ###....
l - Conjure Flame         Conj/Fire      #.......     26%         3    ###....

Your spell library contained the following spells:

 Spells                   Type           Power        Failure   Level  Hunger
 Blink                    Tloc           N/A          14%         2    ##.....
 Call Imp                 Summ           #.......     14%         2    ##.....
 Slow                     Hex            #.......     22%         2    ##.....


Dungeon Overview and Level Annotations

Branches:
Dungeon (2/15)

Altars:


Innate Abilities, Weirdness & Mutations

You cannot wear boots.
Your serpentine skin is tough. (AC +1)
You have supernaturally acute eyesight. (SInv)
Armour fits poorly on your strangely shaped body.
Your system is resistant to poisons. (rPois)
You cover ground very slowly.
You have a slow metabolism.
You can spit poison.


Message History

There is a stone staircase leading up here.
j - a black potion You see here a glowing war axe.
k - 2 white potions Some of the chunks of flesh in your inventory have rotted away.
You see here a glowing war axe.
l - a glowing war axe Wield which item (- for none, * to show all)? (? for menu, Esc to quit)
It sticks to your hand!
l - a cursed -3 war axe (weapon)
As you read the scroll labeled DEOVIJ ETSUAFO, it crumbles to dust.
It is a scroll of identify.
e - a scroll of random uselessness
As you read the scroll labeled HOYHUA ONWEAL, it crumbles to dust.
It is a scroll of enchant armour.
Your +0 robe glows green for a moment.
As you read the scroll labeled QAITSE QIOGEL, it crumbles to dust.
You assume a fearsome visage.
Nothing appears to happen.
It was a scroll of fear.
Are you sure you want to abandon this character and quit the game? (Confirm

#. #. #.
#####.###########
##........##.....#
........#.##.....#
P
.....#..#........#
...
#....#.##.....#
#..#.##.#.##...@.#
#....>...<..######
#........%#.#
#.##..#.#.#.# #
#.....77.7
#.....7P.7
##.#..77..
#....77..
.....77.7


There were no monsters in sight!

Vanquished Creatures
  2 leopard geckos
  A giant cockroach (D:1)
  2 goblins (D:1)
  A hobgoblin (D:1)
  2 jackals (D:1)
  4 kobolds (D:1)
  8 bats
  2 frilled lizards (D:1)
  2 rats (D:2)
24 creatures vanquished.

Notes
Turn   | Place    | Note
-------+----------+-------------------------------------------
     0 | D:1      | Duffy the Naga Wizard began the quest for the Orb.
     0 | D:1      | Reached XP level 1. HP: 15/15 MP: 4/4
   201 | D:1      | Reached XP level 2. HP: 22/22 MP: 0/6
  1078 | D:1      | Reached XP level 3. HP: 28/28 MP: 3/7
  1156 | D:1      | Learned a level 3 spell: Conjure Flame
  1160 | D:1      | Learned a level 3 spell: Mephitic Cloud
  1287 | D:2      | Quit the game

Vault maps used:
D:1:      dpeg_arrival_simpleton_b
D:2:      serial_forest, infiniplex_forest_clump_medium,
          infiniplex_forest_fountain, infiniplex_forest_straight_4,
          infiniplex_forest_straight_3, infiniplex_forest_end_double,
          infiniplex_forest_end_1, infiniplex_forest_lined_2

Skill      XL: |  1  2 |
---------------+-------+-----
Conjurations   | 2 |  2.5
Dodging        | |  1.5
Stealth        | |  3.0
Spellcasting   | |  3.3
Summonings     | |  1.0
Translocations | |  1.0

Action                   || total
-------------------------++-------
 Cast: Magic Dart        ||    50
 Abil: Spit Poison       ||     3
  Use: Scroll            ||     3
Armor: Robe              ||     1
Dodge: Dodged            ||     8
Block: Other             ||     1

Table legend:
 A = Non-vault XP
 B = Vault XP
 C = Vault XP percentage of total XP
 D = Non-vault monster count
 E = Vault monster count
 F = Vault count percentage of total count
                 A         B        C        D         E       F
            +---------+---------+-------+---------+---------+-------
      Total |      41 |       0 |   0.0 |      24 |       0 |   0.0
            +---------+---------+-------+---------+---------+-------
        D:1 |      34 |       0 |   0.0 |      20 |       0 |   0.0
        D:2 |       7 |       0 |   0.0 |       4 |       0 |   0.0
            +---------+---------+-------+---------+---------+-------
